TOP OF THE 1ST |
Detroit X-Wings batting - Pitching for Allentown Hillbillies : LHP Alberto Maldonado
|
Pitching: LHP Alberto Maldonado
|
|
Batting: LHB Craig Kenney
|
0-0: Fly out, F7 (Flyball, 7S)
|
Batting: RHB Gary Witt
|
0-0: Ball 1-0: Ground out U3 (Groundball, 3)
|
Batting: LHB Chris Loudermilk
|
0-0: SINGLE (Groundball, 3D)
|
Batting: RHB Keith Sims
|
0-0: Ball 1-0: Ball 2-0: Foul Ball, location: 2F 2-1: Called Strike 2-2: Foul Ball, location: 2F 2-2: Ball 3-2: Foul Ball, location: 2F 3-2: Base on Balls Chris Loudermilk to second
|
Batting: SHB Felipe Detorres
|
0-0: Fielders Choice at 2nd, 5-4 (Groundball, 56)
|
Top of the 1st over - 0 run(s), 1 hit(s), 0 error(s), 1 left on base; Detroit 0 - Allentown 0 |
BOTTOM OF THE 1ST |
Allentown Hillbillies batting - Pitching for Detroit X-Wings : RHP Felipe Téllez
|
Pitching: RHP Felipe Téllez
|
|
Batting: RHB Millard Stark
|
0-0: Called Strike 0-1: Ball 1-1: Called Strike 1-2: Foul Ball, location: 2F 1-2: Strikes out swinging
|
Batting: RHB António Yánez
|
0-0: Called Strike 0-1: Foul Ball, location: 2F 0-2: Ball 1-2: Strikes out looking
|
Batting: RHB Albert Lutz
|
0-0: Ball 1-0: Ball 2-0: Called Strike 2-1: Ground out 6-3 (Groundball, 6)
|
Bottom of the 1st over - 0 run(s), 0 hit(s), 0 error(s), 0 left on base; Detroit 0 - Allentown 0 |
TOP OF THE 2ND |
Detroit X-Wings batting - Pitching for Allentown Hillbillies : LHP Alberto Maldonado
|
Batting: RHB Jorge Castillo
|
0-0: Ball 1-0: Ball 2-0: Ball 3-0: Called Strike 3-1: Foul Ball, location: 2F 3-2: Foul Ball, location: 2F 3-2: Base on Balls
|
Batting: RHB Domingo Ávila
|
0-0: Foul Ball, location: 2F 0-1: Ball 1-1: Swinging Strike 1-2: Foul Ball, location: 2F 1-2: SINGLE (Line Drive, 78S) Jorge Castillo to second
|
Batting: LHB Sergio Luna
|
0-0: Ball 1-0: Ball 2-0: Foul Ball, location: 2F 2-1: Ball 3-1: SINGLE (Groundball, 34D) Jorge Castillo to third Domingo Ávila to second Runner from 3rd tries for Home, SAFE, no throw
|
Batting: RHB Yoshitsune Kamida
|
0-0: Fielders Choice at 2nd, 4-6 (Groundball, 4) Domingo Ávila to third
|
Batting: LHB Craig Kenney
|
0-0: Ball 1-0: Called Strike 1-1: Ball 2-1: Swinging Strike 2-2: Ball 3-2: Strikes out looking
|
Batting: RHB Gary Witt
|
0-0: Ball 1-0: Called Strike 1-1: Ball 2-1: Ball 3-1: Called Strike 3-2: Foul Ball, location: 2F 3-2: SINGLE (Groundball, 34D) Domingo Ávila scores Yoshitsune Kamida to second Yoshitsune Kamida to third
|
Batting: LHB Chris Loudermilk
|
0-0: Ball 1-0: Swinging Strike 1-1: Called Strike 1-2: Foul Ball, location: 2F 1-2: Strikes out swinging
|
Top of the 2nd over - 2 run(s), 3 hit(s), 0 error(s), 2 left on base; Detroit 2 - Allentown 0 |
BOTTOM OF THE 2ND |
Allentown Hillbillies batting - Pitching for Detroit X-Wings : RHP Felipe Téllez
|
Batting: RHB Diego Rivera
|
0-0: Ball 1-0: Called Strike 1-1: Ball 2-1: Ball 3-1: Swinging Strike 3-2: Strikes out swinging
|
Batting: LHB Eduardo Rodríguez
|
0-0: Called Strike 0-1: Swinging Strike 0-2: Ground out U3 (Groundball, 3)
|
Batting: RHB Dan Banks
|
0-0: Ball 1-0: SINGLE (Flyball, 89S)
|
Batting: RHB Carl Brown
|
0-0: Ball Dan Banks is caught stealing 2nd base
|
Bottom of the 2nd over - 0 run(s), 1 hit(s), 0 error(s), 0 left on base; Detroit 2 - Allentown 0 |
TOP OF THE 3RD |
Detroit X-Wings batting - Pitching for Allentown Hillbillies : LHP Alberto Maldonado
|
Batting: RHB Keith Sims
|
0-0: Ball 1-0: Ground out 6-3 (Groundball, 6S)
|
Batting: SHB Felipe Detorres
|
0-0: Ball 1-0: Called Strike 1-1: Ball 2-1: Ground out 6-3 (Groundball, 6)
|
Batting: RHB Jorge Castillo
|
0-0: Reached on error, E5 (Groundball, 5S)
|
Pitching: LHP Nick Merrit
|
|
Batting: RHB Domingo Ávila
|
0-0: Ball 1-0: Ball 2-0: SINGLE (Line Drive, 56) Jorge Castillo to second
|
Batting: LHB Sergio Luna
|
0-0: SINGLE (Groundball, 6) (infield hit) Jorge Castillo to third Domingo Ávila to second
|
Batting: RHB Yoshitsune Kamida
|
0-0: Fielders Choice at 2nd, 6-4 (Groundball, 6)
|
Top of the 3rd over - 0 run(s), 2 hit(s), 1 error(s), 2 left on base; Detroit 2 - Allentown 0 |
BOTTOM OF THE 3RD |
Allentown Hillbillies batting - Pitching for Detroit X-Wings : RHP Felipe Téllez
|
Batting: RHB Carl Brown
|
0-0: Ball 1-0: SINGLE (Line Drive, 8LS)
|
Batting: RHB Bartolo López
|
0-0: Ball 1-0: Called Strike 1-1: Ball 2-1: Foul Ball, location: 2F 2-2: Ball 3-2: Strikes out swinging
|
Batting: RHB Joel Jackson
|
0-0: Swinging Strike 0-1: SINGLE (Groundball, 56D) Carl Brown to second
|
Batting: RHB Millard Stark
|
0-0: Called Strike 0-1: Ball 1-1: Swinging Strike 1-2: Strikes out swinging
|
Batting: RHB António Yánez
|
0-0: Ball 1-0: Called Strike 1-1: Foul Ball, location: 2F 1-2: Ball 2-2: Ball 3-2: Strikes out swinging
|
Bottom of the 3rd over - 0 run(s), 2 hit(s), 0 error(s), 2 left on base; Detroit 2 - Allentown 0 |
TOP OF THE 4TH |
Detroit X-Wings batting - Pitching for Allentown Hillbillies : LHP Nick Merrit
|
Batting: LHB Craig Kenney
|
0-0: Called Strike 0-1: SINGLE (Line Drive, 4M)
|
Batting: RHB Gary Witt
|
0-0: Ball Craig Kenney steals 2nd base 1-0: Called Strike 1-1: Swinging Strike 1-2: Strikes out looking
|
Batting: LHB Chris Loudermilk
|
0-0: Ball 1-0: Foul Ball, location: 2F 1-1: SINGLE (Groundball, 4MD) Craig Kenney to third Runner from 3rd tries for Home, SAFE, no throw
|
Batting: RHB Keith Sims
|
0-0: Called Strike 0-1: Ball 1-1: Swinging Strike 1-2: Strikes out swinging
|
Batting: SHB Felipe Detorres
|
0-0: Ball Chris Loudermilk steals 2nd base 1-0: Ball 2-0: Swinging Strike 2-1: Ball 3-1: Reached on error, E5 (Groundball, 56) Chris Loudermilk scores
|
Batting: RHB Jorge Castillo
|
0-0: Ball 1-0: Ball 2-0: Ball 3-0: Called Strike 3-1: Base on Balls
|
Batting: RHB Domingo Ávila
|
0-0: Ball 1-0: Ground out 1-3 (Groundball, P)
|
Top of the 4th over - 2 run(s), 2 hit(s), 1 error(s), 2 left on base; Detroit 4 - Allentown 0 |
BOTTOM OF THE 4TH |
Allentown Hillbillies batting - Pitching for Detroit X-Wings : RHP Felipe Téllez
|
Batting: RHB Albert Lutz
|
0-0: Ball 1-0: Called Strike 1-1: Ball 2-1: Ball 3-1: Called Strike 3-2: DOUBLE (Line Drive, 5D)
|
Batting: RHB Diego Rivera
|
0-0: Ball 1-0: Ball 2-0: Called Strike 2-1: Ball 3-1: Base on Balls
|
Batting: LHB Eduardo Rodríguez
|
0-0: Ball 1-0: DOUBLE (Groundball, 3L) Albert Lutz scores Diego Rivera to third
|
Batting: RHB Dan Banks
|
0-0: Called Strike 0-1: Called Strike 0-2: Ball 1-2: Ball 2-2: Foul Ball, location: 2F 2-2: Ball 3-2: Strikes out swinging
|
Batting: RHB Carl Brown
|
0-0: Called Strike 0-1: Ball 1-1: Foul Ball, location: 2F 1-2: Fly out, F8 (Flyball, 8LM)
|
Batting: RHB Bartolo López
|
0-0: Called Strike 0-1: Fly out, F3 (Popup, 3L)
|
Bottom of the 4th over - 1 run(s), 2 hit(s), 0 error(s), 2 left on base; Detroit 4 - Allentown 1 |
TOP OF THE 5TH |
Detroit X-Wings batting - Pitching for Allentown Hillbillies : LHP Nick Merrit
|
Batting: LHB Sergio Luna
|
0-0: Ball 1-0: Fly out, F7 (Line Drive, 7D)
|
Batting: RHB Yoshitsune Kamida
|
0-0: Ball 1-0: Ball 2-0: Fly out, F3 (Line Drive, 34)
|
Batting: LHB Craig Kenney
|
0-0: Ball 1-0: SINGLE (Groundball, 4D)
|
Batting: RHB Gary Witt
|
0-0: Ball 1-0: Called Strike 1-1: Ball 2-1: Ball 3-1: Foul Ball, location: 2F 3-2: Base on Balls Craig Kenney to second
|
Pitching: RHP Dale Downs
|
|
Batting: LHB Chris Loudermilk
|
0-0: SINGLE (Groundball, 56D) (infield hit) Craig Kenney to third Gary Witt to second
|
Batting: RHB Keith Sims
|
0-0: Called Strike 0-1: Foul Ball, location: 2F 0-2: Ball 1-2: Ball 2-2: Ball 3-2: Base on Balls Craig Kenney scores Gary Witt to third Chris Loudermilk to second
|
Batting: SHB Felipe Detorres
|
0-0: Called Strike 0-1: Foul Ball, location: 2F 0-2: Ball 1-2: Strikes out looking
|
Top of the 5th over - 1 run(s), 2 hit(s), 0 error(s), 3 left on base; Detroit 5 - Allentown 1 |
BOTTOM OF THE 5TH |
Allentown Hillbillies batting - Pitching for Detroit X-Wings : RHP Felipe Téllez
|
Batting: RHB Joel Jackson
|
0-0: Foul Ball, location: 2F 0-1: Ball 1-1: Foul Ball, location: 2F 1-2: Ground out 5-3 (Groundball, 56D)
|
Batting: RHB Millard Stark
|
0-0: Swinging Strike 0-1: Ground out 5-3 (Groundball, 5)
|
Batting: RHB António Yánez
|
0-0: Swinging Strike 0-1: Ball 1-1: Ground out 4-3 (Groundball, 4)
|
Bottom of the 5th over - 0 run(s), 0 hit(s), 0 error(s), 0 left on base; Detroit 5 - Allentown 1 |
TOP OF THE 6TH |
Detroit X-Wings batting - Pitching for Allentown Hillbillies : RHP Dale Downs
|
Batting: RHB Jorge Castillo
|
0-0: Ball 1-0: Ball 2-0: Foul Ball, location: 2F 2-1: Ball 3-1: Base on Balls
|
Batting: RHB Domingo Ávila
|
0-0: Foul Ball, location: 2F 0-1: Ball 1-1: Called Strike 1-2: Ball 2-2: Hit by Pitch Jorge Castillo to second
|
Batting: LHB Sergio Luna
|
0-0: Ball 1-0: Swinging Strike 1-1: Ball 2-1: Foul Ball, location: 2F 2-2: Ball 3-2: Strikes out swinging
|
Pitching: RHP Pepe Fernández
|
|
Batting: RHB Yoshitsune Kamida
|
0-0: Ball 1-0: Ball 2-0: Ball 3-0: Base on Balls Jorge Castillo to third Domingo Ávila to second
|
Batting: LHB Craig Kenney
|
0-0: Called Strike 0-1: Ball 1-1: Foul Ball, location: 2F 1-2: Foul Ball, location: 2F 1-2: Ball 2-2: Ball 3-2: Foul Ball, location: 2F 3-2: Strikes out swinging
|
Batting: RHB Gary Witt
|
0-0: Foul Ball, location: 2F 0-1: Ball 1-1: Swinging Strike 1-2: Foul Ball, location: 2F 1-2: SINGLE (Line Drive, 7LS) Jorge Castillo scores Domingo Ávila to third Yoshitsune Kamida to second Runner from 3rd tries for Home, SAFE, no throw
|
Batting: LHB Chris Loudermilk
|
0-0: Ball 1-0: Called Strike 1-1: Ball 2-1: Ball 3-1: Foul Ball, location: 2F 3-2: Fly out, F8 (Flyball, 89S)
|
Top of the 6th over - 2 run(s), 1 hit(s), 0 error(s), 2 left on base; Detroit 7 - Allentown 1 |
BOTTOM OF THE 6TH |
Allentown Hillbillies batting - Pitching for Detroit X-Wings : RHP Felipe Téllez
|
Batting: RHB Albert Lutz
|
0-0: Ball 1-0: Foul Ball, location: 2F 1-1: Ball 2-1: Ball 3-1: Base on Balls
|
Pitching: LHP Richard Dorris
|
|
Batting: RHB Diego Rivera
|
0-0: Ball 1-0: Ball 2-0: Called Strike 2-1: Called Strike Albert Lutz steals 2nd base 2-2: Fly out, F4 (Popup, 4)
|
Batting: LHB Eduardo Rodríguez
|
0-0: Called Strike 0-1: Ball 1-1: Fly out, F7 (Line Drive, 7)
|
Batting: RHB Dan Banks
|
0-0: Ball 1-0: Called Strike 1-1: Foul Ball, location: 2F 1-2: 2-RUN HOME RUN (Flyball, 89XD), Distance : 413 ft
|
Batting: RHB Carl Brown
|
0-0: Called Strike 0-1: Swinging Strike 0-2: Ball 1-2: Ball 2-2: Ball 3-2: Fly out, F9 (Flyball, 9LS)
|
Bottom of the 6th over - 2 run(s), 1 hit(s), 0 error(s), 0 left on base; Detroit 7 - Allentown 3 |
TOP OF THE 7TH |
Detroit X-Wings batting - Pitching for Allentown Hillbillies : RHP Pepe Fernández
|
Batting: RHB Keith Sims
|
0-0: Called Strike 0-1: Ball 1-1: Ball 2-1: Ground out U3 (Groundball, 34)
|
Pitching: LHP Emílio Trevino
|
|
Batting: SHB Felipe Detorres
|
0-0: Ground out 6-3 (Groundball, 56)
|
Batting: RHB Jorge Castillo
|
0-0: Ball 1-0: Ground out 6-3 (Groundball, 6)
|
Top of the 7th over - 0 run(s), 0 hit(s), 0 error(s), 0 left on base; Detroit 7 - Allentown 3 |
BOTTOM OF THE 7TH |
Allentown Hillbillies batting - Pitching for Detroit X-Wings : LHP Richard Dorris
|
Batting: RHB Bartolo López
|
0-0: Called Strike 0-1: Ball 1-1: Ball 2-1: Ball 3-1: Base on Balls
|
Batting: RHB Joel Jackson
|
0-0: Called Strike 0-1: Foul Ball, location: 2F 0-2: Ball 1-2: Fly out, F7 (Flyball, 7S)
|
Batting: RHB Millard Stark
|
0-0: Swinging Strike 0-1: Ball 1-1: Fly out, F7 (Flyball, 7D)
|
Batting: RHB António Yánez
|
0-0: Ball 1-0: Foul Ball, location: 2F 1-1: Foul Ball, location: 2F 1-2: Ball 2-2: Fly out, F4 (Popup, 34D)
|
Bottom of the 7th over - 0 run(s), 0 hit(s), 0 error(s), 1 left on base; Detroit 7 - Allentown 3 |
TOP OF THE 8TH |
Detroit X-Wings batting - Pitching for Allentown Hillbillies : LHP Emílio Trevino
|
Batting: RHB Domingo Ávila
|
0-0: Called Strike 0-1: Ball 1-1: Ball 2-1: Foul Ball, location: 2F 2-2: Foul Ball, location: 2F 2-2: Ball 3-2: Fly out, F7 (Line Drive, 78M)
|
Batting: LHB Sergio Luna
|
0-0: Called Strike 0-1: Ball 1-1: SINGLE (Flyball, 8LS)
|
Pitching: LHP Alejandro Castillo
|
|
Batting: RHB Yoshitsune Kamida
|
0-0: Ball 1-0: Ball 2-0: Swinging Strike 2-1: Grounds into double play, 4-6-3 (Groundball, 4)
|
Top of the 8th over - 0 run(s), 1 hit(s), 0 error(s), 0 left on base; Detroit 7 - Allentown 3 |
BOTTOM OF THE 8TH |
Allentown Hillbillies batting - Pitching for Detroit X-Wings : LHP Richard Dorris
|
Batting: RHB Albert Lutz
|
0-0: Ball 1-0: Ball 2-0: Called Strike 2-1: Called Strike 2-2: Strikes out swinging
|
Batting: RHB Diego Rivera
|
0-0: Called Strike 0-1: Fly out, F6 (Popup, 56D)
|
Batting: LHB Eduardo Rodríguez
|
0-0: SOLO HOME RUN (Flyball, 8RXD), Distance : 434 ft
|
Batting: RHB Dan Banks
|
0-0: Ball 1-0: Ball 2-0: Called Strike 2-1: Ground out 1-3 (Groundball, P)
|
Bottom of the 8th over - 1 run(s), 1 hit(s), 0 error(s), 0 left on base; Detroit 7 - Allentown 4 |
TOP OF THE 9TH |
Detroit X-Wings batting - Pitching for Allentown Hillbillies : LHP Alejandro Castillo
|
Batting: LHB Craig Kenney
|
0-0: Called Strike 0-1: Foul Ball, location: 2F 0-2: Strikes out swinging
|
Batting: RHB Gary Witt
|
0-0: Called Strike 0-1: Ball 1-1: Ball 2-1: Foul Ball, location: 2F 2-2: Strikes out swinging
|
Batting: LHB Chris Loudermilk
|
0-0: SINGLE (Groundball, 4D)
|
Batting: RHB Keith Sims
|
Pickoff Throw to First - Out!
|
Top of the 9th over - 0 run(s), 1 hit(s), 0 error(s), 0 left on base; Detroit 7 - Allentown 4 |
BOTTOM OF THE 9TH |
Allentown Hillbillies batting - Pitching for Detroit X-Wings : LHP Richard Dorris
|
Pitching: RHP Lance Sanders
|
|
Batting: RHB Carl Brown
|
0-0: Ball 1-0: Foul Ball, location: 2F 1-1: Called Strike 1-2: Fly out, F6 (Line Drive, 56)
|
Batting: RHB Bartolo López
|
0-0: Ball 1-0: Called Strike 1-1: Ball 2-1: Ball 3-1: Base on Balls
|
Batting: RHB Joel Jackson
|
0-0: Ball 1-0: Ball 2-0: Called Strike 2-1: DOUBLE (Line Drive, 8LXD) Bartolo López to third Runner from 3rd tries for Home, SAFE, no throw
|
Batting: RHB Millard Stark
|
0-0: Foul Ball, location: 2F 0-1: Ball 1-1: Called Strike 1-2: Foul Ball, location: 2F 1-2: Foul Ball, location: 2F 1-2: Ball 2-2: Ball 3-2: Base on Balls
|
Pinch Hitting: RHB Germano Labrego
|
0-0: Ball 1-0: Grounds into double play, 1-6-3 (Groundball, 13)
|
Bottom of the 9th over - 1 run(s), 1 hit(s), 0 error(s), 1 left on base; Detroit 7 - Allentown 5 |
|